 Dungeon Crawl Stone Soup version 0.31.0-11-ge490571c62 (webtiles) character file.

Game seed: 13738200732936381379

887 SmokeWeed the Covert (level 8, -1/54 HPs)
             Began as an Octopode Brigand on Feb 2, 2024.
             Shot with an arrow by a centaur (11 damage)
             ... on level 6 of the Dungeon.
             The game lasted 00:10:34 (4663 turns).

SmokeWeed the Covert (Octopode Brigand)             Turns: 4663, Time: 00:10:36

Health: -1/54      AC:  1    Str: 16    XL:     8   Next: 5%
Magic:  9/9        EV: 13    Int: 14    God:
Gold:   315        SH:  0    Dex: 15    Spells: 6/9 levels left

rFire   . . .        i - +6 scythe (flame)
rCold   . . .        (shield currently unavailable)
rNeg    . . .        (helmet restricted)
rPois   .            (no amulet)
rElec   .            p - +6 ring of strength
rCorr   .            (no ring)
SInv    .            (no ring)
Will    .....        (no ring)
Stlth   +++++        (no ring)
HPRegen 0.29/turn    (no ring)
MPRegen 0.11/turn    (no ring)
                     (no ring)

%: no passive effects
@: no status effects
A: almost no armour, amphibious, 8 rings, camouflage 1, gelatinous body 1,
(nimble swimmer 1), tentacles
a: no special abilities


You were on level 6 of the Dungeon.
You visited 1 branch of the dungeon, and saw 6 of its levels.

You collected 315 gold pieces.

Inventory:

Hand Weapons
 a - a +2 dagger
 f - a +2 vampiric whip
 i - a +6 scythe of flaming (weapon)
Missiles
 b - 12 poisoned darts
 c - 3 curare-tipped darts
Magical Staves
 j - a staff of conjuration
Jewellery
 p - a +6 ring of strength (left tentacle)
Wands
 v - a wand of polymorph (7)
 y - a wand of iceblast (9)
Scrolls
 k - 4 scrolls of teleportation
 m - a scroll of vulnerability
 o - a scroll of amnesia {unknown}
 r - a scroll of blinking
Potions
 d - a potion of might {unknown}
 e - a potion of curing
 g - a potion of haste
 h - 3 potions of invisibility {unknown}
 l - 3 potions of degeneration {unknown}
 n - 2 potions of brilliance {unknown}
 q - a potion of magic {unknown}
 s - 2 potions of lignification {unknown}
 t - a potion of mutation {unknown}
 u - a potion of cancellation {unknown}
 w - a potion of berserk rage {unknown}
 x - a potion of enlightenment {unknown}


   Skills:
 * Level 3.9 Fighting
 - Level 3.4 Short Blades
 + Level 4.4 Polearms
 + Level 2.1 Throwing
 + Level 2.0 Dodging
 + Level 9.0 Stealth
 * Level 1.1 Spellcasting
 * Level 1.4 Conjurations


You had 6 spell levels left.
You knew the following spells:

 Your Spells              Type           Power      Damage    Failure   Level
a - Magic Dart            Conj           16%        1d3       14%         1
b - Searing Ray           Conj           8%         2d4       22%         2

Your spell library contained the following spells:

 Spells                   Type           Power      Damage    Failure   Level
 Cigotuvi's Dreadful Rot  Necr/Alch/Air  0%         N/A       36%         2
 Stone Arrow              Conj/Erth      4%         3d7       50%         3
 Fulminant Prism          Conj/Alch      1%         3d5       88%         4
 Dispel Undead            Necr           0%         3d6       95%         4
 Martyr's Knell           Necr/Summ      0%         N/A       95%         4
 Death Channel            Necr           0%         N/A       100%        6
 Lehudib's Crystal Spear  Conj/Erth      1%         10d2      100%        8
 Animate Armour           Summ/Erth      Unusable   N/A       N/A         4

Dungeon Overview and Level Annotations

Branches:
Dungeon (6/15)
 Temple: D:4-7

Altars:
Gozag
Kikubaaqudgha
Wu Jian
Xom

Shops:
D:5 !


Innate Abilities, Weirdness & Mutations

You cannot wear most types of armour.
You are amphibious.
You can wear up to eight rings at the same time.
Your skin changes colour to match your surroundings (Stealth+).
Your rubbery body absorbs attacks. (AC +1, EV +1)
((You are camouflaged when in or above water. (Stealth+)))
You have tentacles for arms and can constrict up to eight enemies at once.


Message History

There is a stone staircase leading up here.
An adder is nearby!
You reach to attack!
The helpless adder fails to defend itself.
You impale the adder!! You burn the adder.
You kill the adder!
A centaur comes into view.
The centaur shouts!
The centaur wields a +0 orcbow.
The centaur shoots an arrow.
The arrow hits you!
Found a scroll labelled RYCKARHEULL.
The centaur shoots an arrow.
The arrow closely misses you.
A jelly comes into view.
The jelly quivers.
The centaur shoots an arrow.
The arrow hits you!
The centaur shoots an arrow.
The arrow hits you!
You are too injured to fight recklessly!
You are too injured to fight recklessly!
The centaur shoots an arrow.
The arrow completely misses you.
Reach: i) +6 scythe (flame)
Press: ? - help, Dir - move target, f - centaur
Aim: a centaur, wielding a +0 orcbow (about 27% to evade your +6 scythe of flaming)
You reach to attack!
You barely miss the centaur.
The centaur shoots an arrow.
The arrow hits you!
* * * LOW HITPOINT WARNING * * *
The centaur shoots an arrow.
The arrow barely misses you.
Reach: i) +6 scythe (flame)
Press: ? - help, Dir - move target, f/p - centaur
Aim: a centaur, wielding a +0 orcbow (about 27% to evade your +6 scythe of flaming)
You reach to attack!
You hit the centaur. You burn the centaur.
The centaur is moderately wounded.
The centaur shoots an arrow.
The arrow closely misses you.
The centaur shoots an arrow.
The arrow barely misses you.
Reach: i) +6 scythe (flame)
Press: ? - help, Dir - move target, f/p - centaur
Aim: a centaur, wielding a +0 orcbow (moderately wounded, about 27% to evade your +6 scythe of flaming)
You reach to attack!
You puncture the centaur! You burn the centaur.
The centaur is severely wounded.
The centaur shoots an arrow.
The arrow hits you!
You die...

# #. #.#### ###
#....# >. #....##.#
. #....#†.# ####?..
#......#####.......
#..........@.J....#
#....#...###.c.....
#..<.###..# ....###
#....# ##..#....#
...#.### #......#
.^^. #. ......# .^_
.. .###### .^ ..# .
. ..#


You could see a centaur and a jelly.

Vanquished Creatures
  Sigmund (D:2)
  An ogre (D:5)
  5 killer bees (D:5)
  A bombardier beetle (D:5)
  A hound (D:4)
  A gnoll bouda (D:5)
  A sleepcap (D:5)
  Ijyb (D:5)
  2 orc wizards (D:5)
  3 gnolls (D:5)
  9 adders
  4 ribbon worms
  A dart slug (D:4)
  14 orcs
  8 ball pythons
  9 endoplasms
  3 giant cockroaches
  12 hobgoblins
  6 kobolds
  5 quokkas
  8 bats
  2 frilled lizards
  10 goblins
  5 rats
113 creatures vanquished.

Notes
Turn   | Place    | Note
-------+----------+-------------------------------------------
     0 | D:1      | SmokeWeed the Octopode Brigand began the quest for the Orb.
     0 | D:1      | Reached XP level 1. HP: 14/14 MP: 1/1
   119 | D:1      | Reached XP level 2. HP: 17/19 MP: 2/2
   176 | D:1      | Reached skill level 6 in Stealth
   342 | D:1      | Reached XP level 3. HP: 24/24 MP: 3/3
  1061 | D:2      | Reached XP level 4. HP: 19/29 MP: 4/4
  1171 | D:2      | Reached skill level 7 in Stealth
  1342 | D:2      | Found a faded altar of an unknown god.
  1534 | D:2      | Noticed Sigmund
  1536 | D:2      | Killed Sigmund
  1537 | D:2      | Reached skill level 8 in Stealth
  1537 | D:2      | Reached XP level 5. HP: 36/36 MP: 5/5
  1537 | D:2      | Reached XP level 6. HP: 41/41 MP: 6/6
  2714 | D:4      | Found an opulent altar of Gozag.
  3018 | D:4      | Found an ancient bone altar of Kikubaaqudgha.
  3243 | D:4      | Reached skill level 1 in Polearms
  3569 | D:5      | Entered Level 5 of the Dungeon
  3677 | D:5      | Reached XP level 7. HP: 46/46 MP: 7/7
  3857 | D:5      | Learned a level 1 spell: Magic Dart
  3860 | D:5      | Learned a level 2 spell: Searing Ray
  4193 | D:5      | Found Ickever's Distillery.
  4267 | D:5      | Noticed Ijyb
  4282 | D:5      | Killed Ijyb
  4290 | D:5      | HP: 2/46 [killer bee (6)]
  4303 | D:5      | Reached skill level 9 in Stealth
  4304 | D:5      | Reached skill level 1 in Spellcasting
  4304 | D:5      | Reached skill level 1 in Conjurations
  4436 | D:5      | Reached XP level 8. HP: 38/54 MP: 4/9
  4558 | D:5      | Found an ornate altar of the Wu Jian Council.
  4651 | D:6      | Found a shimmering altar of Xom.
  4663 | D:6      | Shot with an arrow by a centaur

Illustrated notes

Levels and vault maps discovered:
D:1:      dpeg_arrival_tiny_j, layout_loops_ring,
          nicolae_concentric_dashed_squares_mild, serial_bayou_ford_a,
          corexii_corridor_pit, hangedman_abyss_or_decor_lesser_grid
D:2:      layout_basic, basic_ecumenical_altar, minmay_between, uniq_sigmund
D:3:      layout_basic, serial_bayou, serial_bayou_crossing,
          serial_bayou_shore_b, serial_bayou_pond_d, serial_bayou_lake_a
D:4:      layout_basic, kiku_gazebo_pond_becter, nicolae_gozag_seed_capital,
          roderic_lattice_a, dk_vineyard_1, nicolae_houndstooth_variations
D:5:      layout_loops_cross, mainiacjoe_overflow_alcove_1, serial_shops,
          kennysheep_mini, uniq_ijyb
D:6:      layout_rooms, xom_teletrap_fun

Skill      XL: |  1  2  3  4  5  6  7 |
---------------+----------------------+-----
Stealth        | 6 8 9 |  9.0
Short Blades   | 3 |  3.4
Fighting       | 3 |  3.9
Polearms       | 2 4 |  4.4
Dodging        | 2 |  2.0
Spellcasting   | 1 |  1.1
Conjurations   | 1 |  1.4
Throwing       | |  2.1

Action                     |  1- 3 |  4- 6 |  7- 9 || total
---------------------------+-------+-------+-------++-------
  Melee: Dagger            |    76 |    19 |       ||    95
         Constrict         |    16 |    14 |     6 ||    36
         Tentacles         |     7 |     7 |     8 ||    22
         Punch             |     1 |       |       ||     1
         Halberd           |       |    58 |    41 ||    99
  Throw: Dart              |       |       |     6 ||     6
   Cast: Magic Dart        |       |       |    11 ||    11
    Use: Scroll            |       |     8 |       ||     8
         Potion            |       |       |     4 ||     4
   Stab: Sleeping          |     8 |    27 |     4 ||    39
 Armour: Skin              |    37 |    18 |    31 ||    86
  Dodge: Dodged            |    44 |    22 |    30 ||    96
